 Dungeon Crawl Stone Soup version 0.22.1-6-g1668fe2c40 (webtiles) character file.

65 Kohma the Grave Robber (level 3, 0/24 HPs)
             Began as a Demonspawn Necromancer on Jan 29, 2019.
             Slain by a vampire bat (2 damage)
             ... on level 2 of the Dungeon.
             The game lasted 00:09:01 (2939 turns).

Kohma the Grave Robber (Demonspawn Necromancer)     Turns: 2939, Time: 00:09:02

Health: 0/24       AC:  2    Str:  9    XL:     3   Next: 92%
Magic:  0/7        EV: 12    Int: 16    God:
Gold:   100        SH:  0    Dex: 13    Spells: 5/7 levels left

rFire    . . .     SeeInvis .   f - +0 dagger
rCold    . . .     Gourm    .   (no shield)
rNeg     . . .     Faith    .   a - +0 robe
rPois    .         Spirit   +   (no helmet)
rElec    .         Reflect  .   (no cloak)
rCorr    .         Harm     .   (no gloves)
MR       .....                  (no boots)
Stlth    ++........             (no amulet)
HPRegen  0.08/turn              (no ring)
MPRegen  0.10/turn              (no ring)

@: no status effects
A: magic shield
a: no special abilities


You were on level 2 of the Dungeon.
You were hungry.

You visited 1 branch of the dungeon, and saw 2 of its levels.

You collected 100 gold pieces.

Inventory:

Hand Weapons
 f - a +0 dagger (weapon)
Missiles
 b - 14 stones
 g - 12 poisoned needles
 h - 41 arrows
 i - 17 sling bullets
 o - 8 tomahawks (quivered)
Armour
 a - a +0 robe (worn)
Jewellery
 p - a cursed -3 ring of intelligence {unknown}
Wands
 m - a wand of flame (35)
Scrolls
 e - 3 scrolls of teleportation {unknown}
 k - a scroll of remove curse {unknown}
 n - 2 scrolls of identify {unknown}
Potions
 d - a potion of agility {unknown}
 j - a potion of cancellation {unknown}
 l - a potion of haste {unknown}
Comestibles
 c - 4 rations


   Skills:
 - Level 1.7 Dodging
 - Level 1.7 Stealth
 + Level 2.7 Spellcasting
 * Level 5.6 Necromancy


You had 5 spell levels left.
You knew the following spells:

 Your Spells              Type           Power        Failure   Level  Hunger
a - Pain                  Necr           ###.         1%          1    #......
b - Animate Skeleton      Necr           N/A          1%          1    #......

Your spell library contained the following spells:

 Spells                   Type           Power        Failure   Level  Hunger
 Vampiric Draining        Necr           ###.......   5%          3    ###....
 Regeneration             Chrm/Necr      ##........   19%         3    ###....
 Animate Dead             Necr           N/A          19%         4    #####..


Dungeon Overview and Level Annotations

Branches:
Dungeon (2/15)

Altars:
Gozag
Kikubaaqudgha
Wu Jian
Xom


Innate Abilities, Weirdness & Mutations

When hurt, damage is shared between your health and your magic reserves.


Message History

* * * LOW HITPOINT WARNING * * *
The vampire bat draws strength from your injuries!
The vampire bat bites you.
* * * LOW HITPOINT WARNING * * *
The vampire bat draws strength from your injuries!
The vampire bat closely misses you. x2
The vampire bat closely misses you. x2
The vampire bat barely misses you. x2
The vampire bat barely misses you. The vampire bat misses you.
The vampire bat bites you.
The vampire bat draws strength from your injuries!
The vampire bat barely misses you. The vampire bat bites you.
* * * LOW HITPOINT WARNING * * *
The vampire bat draws strength from your injuries!
The vampire bat bites you.
* * * LOW HITPOINT WARNING * * *
The vampire bat draws strength from your injuries!
The vampire bat bites you.
You die...

.....##....# #.# #...............
.....##....###.###...............
..######...###_..+...............
..# ####...###.###.......(#......
..###......# #.# #........#......
..#........###'###........#....##
..#.......................####...
..#..........................#...
###.............@b...........# ..
# ###.....##.....b...........#
#####.....##.............>...#
..........##........#........#
#####......................###
#........##................# ####
.....##.#..................###...
#.......#.##...............##.#.#
..#.#......................#.⌠.#.


You could see 2 vampire bats.

Vanquished Creatures
  2 oozes
  A worm (D:2)
  5 leopard geckos
  An orc (D:2)
  4 bat skeletons (D:2)
  A bat zombie (D:2)
  A giant cockroach (D:1)
  4 goblins
  3 jackals (D:1)
  A quokka (D:2)
  A ball python (D:2)
  4 bats (D:1)
  3 frilled lizards
  4 kobolds
  4 rats
39 creatures vanquished.

Vanquished Creatures (collateral kills)
  An adder (D:2)
  A hobgoblin (D:2)
  A quokka (D:2)
3 creatures vanquished.

Grand Total: 42 creatures vanquished

Notes
Turn   | Place    | Note
-------+----------+-------------------------------------------
     0 | D:1      | Kohma the Demonspawn Necromancer began the quest for the
                  | Orb.
     0 | D:1      | Reached XP level 1. HP: 13/13 MP: 3/3
   399 | D:1      | Learned a level 1 spell: Animate Skeleton
   401 | D:1      | Gained mutation: When hurt, damage is shared between your
                  | health and your magic reserves. [demonic ancestry]
   401 | D:1      | Reached XP level 2. HP: 17/19 MP: 1/5
   802 | D:1      | Reached skill level 5 in Necromancy
  1214 | D:1      | Found a shimmering altar of Xom.
  1216 | D:1      | Found a snail-covered altar of Cheibriados.
  1216 | D:1      | Found a shattered altar of Ashenzari.
  1218 | D:1      | Found a hazy altar of Hepliaklqana.
  1218 | D:1      | Found a white marble altar of Elyvilon.
  1218 | D:1      | Found a shimmering altar of Xom.
  1528 | D:1      | Reached XP level 3. HP: 24/24 MP: 4/6
  1898 | D:2      | Found an opulent altar of Gozag.
  2039 | D:2      | Found an ornate altar of the Wu Jian Council.
  2879 | D:2      | Found an ancient bone altar of Kikubaaqudgha.
  2939 | D:2      | Slain by a vampire bat

Skill      XL: |  1  2 |
---------------+-------+-----
Necromancy     | 5 |  5.6
Dodging        | |  1.7
Stealth        | |  1.7
Spellcasting   | |  2.7

Action                   || total
-------------------------++-------
Melee: Club              ||    13
       Unarmed           ||     7
       Dagger            ||    66
 Cast: Pain              ||    61
       Animate Skeleton  ||     5
  Use: Potion            ||     2
 Stab: Sleeping          ||     2
  Eat: Chunk             ||     6
Armor: Robe              ||    64
Dodge: Dodged            ||   183
